 Dungeon Crawl Stone Soup version 0.31-a0-691-g409c26aa35 (webtiles) character file.

Game seed: 1574907394918721087

3418 javelincjr the Trooper (level 9, -4/63 HPs)
             Began as a Demonspawn Fighter on Sept 6, 2023.
             Was a Believer of Hepliaklqana.
             Slain by a gnoll
             ... wielding a +0 flail
              (8 damage)
             ... on level 6 of the Dungeon.
             The game lasted 00:25:10 (5860 turns).

javelincjr the Trooper (Demonspawn Fighter)         Turns: 5860, Time: 00:25:10

Health: -4/63      AC: 14    Str: 20    XL:     9   Next: 76%
Magic:  13/13      EV: 10    Int: 10    God:    Hepliaklqana [**....]
Gold:   164        SH:  5    Dex: 13    Spells: 8/8 levels left

rFire   + . .        a - +0 trident
rCold   . . .        c - +0 buckler
rNeg    . . .        G - +3 chain mail {rF+}
rPois   .            (no helmet)
rElec   .            (no cloak)
rCorr   .            o - +0 pair of gloves
SInv    .            (no boots)
Will    .....        (no amulet) Stlth
                     (no ring)
HPRegen 0.30/turn    (no ring)
MPRegen 0.13/turn

%: no passive effects
@: mighty
A: reduced essence, hooves 1, powered by pain 1, sturdy frame 1, condensation
shield
a: Renounce Religion, Recall Ancestor, Ancestor Identity


You were on level 6 of the Dungeon.
You worshipped Hepliaklqana.
Hepliaklqana was pleased with you.
You visited 1 branch of the dungeon, and saw 6 of its levels.
You also visited: Sewer.

You collected 357 gold pieces.
You spent 193 gold pieces at shops.

Inventory:

Hand Weapons
 a - a +0 trident (weapon)
 F - a +1 dagger of venom
Missiles
 d - 3 curare-tipped darts
 j - 19 poisoned darts
 v - 4 silver javelins
Armour
 b - a +0 scale mail
 c - a +0 buckler (worn)
 o - a +0 pair of gloves (worn)
 q - the +1 ring mail "Wupoq" {rN+ Will+}
   (You found it on level 2 of the Dungeon)

   rN+:       It protects you from negative energy.
   Will+:     It increases your willpower.
 w - a +0 ring mail of fire resistance
 G - a +3 chain mail of fire resistance (worn)
Wands
 E - a wand of iceblast (1)
Scrolls
 e - 2 scrolls of poison
 f - 7 scrolls of fog {unknown}
 h - 2 scrolls of revelation {unknown}
 k - 2 scrolls of enchant armour {unknown}
 l - 3 scrolls of identify {unknown}
 m - a scroll of silence {unknown}
 r - 2 scrolls of noise {unknown}
 s - a scroll of summoning {unknown}
 t - a scroll of acquirement {unknown}
 y - 2 scrolls of teleportation {unknown}
 z - a scroll of blinking {unknown}
 A - a scroll of brand weapon {unknown}
 B - 2 scrolls of fear {unknown}
 D - 2 scrolls of amnesia {unknown}
Potions
 g - 4 potions of curing {unknown}
 i - 2 potions of invisibility {unknown}
 n - 2 potions of degeneration {unknown}
 p - a potion of ambrosia {unknown}
 u - 2 potions of heal wounds {unknown}
 x - a potion of magic {unknown}
 C - 3 potions of attraction {unknown}
 H - a potion of haste {unknown}


   Skills:
 + Level 6.6 Fighting
 + Level 5.6 Polearms
 + Level 6.1 Armour
 + Level 5.1 Dodging
 + Level 6.0 Shields
 + Level 5.6 Invocations


You had 8 spell levels left.
You didn't know any spells.
Your spell library contained the following spells:

 Spells                   Type           Power      Damage    Failure   Level
 Freeze                   Ice            0%         1d3       88%         1
 Magic Dart               Conj           0%         1d3       88%         1
 Call Imp                 Summ           0%         N/A       95%         2
 Frozen Ramparts          Ice            0%         1d1       99%         3
 Hailstorm                Conj/Ice       0%         3d3       99%         3
 Mephitic Cloud           Conj/Pois/Air  0%         N/A       99%         3
 Iskenderun's Battlesphe  Conj           0%         2d6       100%        5
 Leda's Unmaking          Conj/Erth      0%         9d1       100%        6
 Spellforged Servitor     Conj/Summ      0%         N/A       100%        7


Dungeon Overview and Level Annotations

Branches:
Dungeon (6/15)             Temple (0/1) D:4           Sewer (visited)

Altars:
Hepliaklqana

Shops:
D:4 ?   D:5 *


Innate Abilities, Weirdness & Mutations

Your life essence is reduced to manifest your ancestor. (-10% HP)
You have large cloven feet.
You sometimes gain a little power by taking damage.
Your movements are slightly less encumbered by armour. (ER -2)
A meltable shield of frost defends you. (SH +0)


Message History

You kill the gnoll bouda!
Artakama points at the orc warrior and mumbles some strange words.
The puff of frost hits the orc warrior.
The orc warrior hits you with a +0 halberd!
* * * LOW HITPOINT WARNING * * *
You focus on the pain.
You feel very mighty all of a sudden. The gnoll hits you with a +0 flail.
* * * LOW HITPOINT WARNING * * *
The air fills with toxic fumes!
As you read the scroll labelled PIMOMA AFRENE, it crumbles to dust.
It was a scroll of poison.
Artakama barely misses the orc warrior.
The orc warrior barely misses you. The gnoll closely misses you.
You puncture the gnoll!
The gnoll is severely wounded.
Artakama casts a spell at the orc warrior.
The puff of frost hits the orc warrior!
The orc warrior hits Artakama with a +0 halberd.
The gnoll hits you with a +0 flail.
* * * LOW HITPOINT WARNING * * *
You catch the helpless orc warrior completely off-guard!
You hit the orc warrior but do no damage.
Your kick misses the orc warrior.
The orc warrior is severely wounded.
A puff of flame appears from out of thin air!
The puff of flame hits you.
Your condensation shield dissipates!
You resist.
* * * LOW HITPOINT WARNING * * *
Artakama points at the orc warrior and mumbles some strange words.
The puff of frost hits the orc warrior.
The orc warrior barely misses Artakama.
The gnoll barely misses you.
You barely miss the orc warrior. Your kick misses the orc warrior.
The orc warrior is almost dead.
Something tries to affect you, but you resist.
Artakama hits the orc warrior with a +0 quarterstaff!
The orc warrior dies!
You hear a splash. x2
The gnoll hits you with a +0 flail!
You die...

..~≈~.# ..~≈~.#o# §§
..~≈###o# §.§
.P~≈#oog#############§§§
..~≈#Ogo#§§§§§§§§§{§§§§§
..~≈#####§§§§§§§o§§§§§§§
.†)≈≈≈≈≈≈§§§§§§§§§§§§§§§
..~)~†≈)~§§§§§§§§)R§§§§§
......)..§§§§§§§@g§§§§§§
####..##.§#§§§§§##§§§#§§
#####+##§§§§§.# §§# ##
#§§§§§.'..§# ..
#§§§§§.#...§§ ..
#§§§§§.#### §§ .#+##
#§§§§§... § .....
#§§§§§... ..... .....


You could see the friendly Artakama the battlemage, an orc warrior and a gnoll
(swift).

Vanquished Creatures
  2 orc warriors
  3 ogres
  A centaur (D:5)
  A phantom (D:4)
  7 kobold brigands (Sewer)
  Blork the orc (D:5)
  A scorpion (D:6)
  A hound (D:6)
  6 orc priests
  A gnoll bouda (D:6)
  2 iguanas
  4 orc wizards
  A gnoll (D:6)
  9 adders
  A river rat (Sewer)
  3 worms
  2 dart slugs
  18 orcs
  12 ball pythons
  11 endoplasms
  4 giant cockroaches
  9 goblins
  5 hobgoblins
  12 kobolds
  A quokka (D:3)
  4 bats
  3 frilled lizards (D:2)
  12 rats
137 creatures vanquished.

Vanquished Creatures (collateral kills)
  A two-headed ogre (D:6)
  An orc warrior (D:6)
  A black bear (D:5)
  An ogre (D:6)
  A phantom (D:5)
  A bullfrog (D:6)
  A scorpion (D:5)
  6 howler monkeys (D:6)
  8 hounds (D:6)
  2 orc priests (D:6)
  An iguana (D:5)
  5 orc wizards
  7 orcs
  A ball python (D:4)
37 creatures vanquished.

Vanquished Creatures (others)
  An ancestor (D:5)
1 creature vanquished.

Grand Total: 175 creatures vanquished

Notes
Turn   | Place    | Note
-------+----------+-------------------------------------------
     0 | D:1      | javelincjr the Demonspawn Fighter began the quest for the
                  | Orb.
     0 | D:1      | Reached XP level 1. HP: 18/18 MP: 1/1
   151 | D:1      | Gained mutation: A meltable shield of frost defends you.
                  | (SH +0) [demonic ancestry]
   151 | D:1      | Reached XP level 2. HP: 24/24 MP: 2/2
   772 | D:2      | Reached XP level 3. HP: 29/29 MP: 3/3
  1124 | D:2      | Reached skill level 1 in Dodging
  1136 | D:2      | Reached XP level 4. HP: 29/35 MP: 4/4
  1349 | D:2      | Identified the +1 ring mail "Wupoq" {rN+ Will+}
  1369 | D:2      | You fall into a shaft and drop 1 floor!
  1920 | D:3      | Found a hazy altar of Hepliaklqana.
  1925 | D:3      | Became a worshipper of Hepliaklqana the Forgotten
  2213 | D:3      | Gained mutation: Your movements are slightly less
                  | encumbered by armour. (ER -2) [demonic ancestry]
  2213 | D:3      | Reached XP level 5. HP: 35/42 MP: 5/5
  2387 | D:4      | Noticed a phantom
  2412 | D:4      | Killed a phantom
  2420 | D:4      | Gained mutation: You have large cloven feet. [demonic
                  | ancestry]
  2420 | D:4      | Reached XP level 6. HP: 17/48 MP: 6/6
  2520 | D:4      | Found a glowing drain.
  2553 | Sewer    | Entered a sewer
  3029 | Sewer    | Reached XP level 7. HP: 45/55 MP: 7/7
  3838 | D:4      | Reached * piety under Hepliaklqana
  3874 | D:4      | Found a staircase to the Ecumenical Temple.
  4132 | D:4      | Found Puanerr's Magic Scroll Shoppe.
  4271 | D:5      | Entered Level 5 of the Dungeon
  4281 | D:5      | Reached skill level 1 in Invocations
  4288 | D:5      | Reached skill level 5 in Fighting
  4288 | D:5      | Gained mutation: You sometimes gain a little power by
                  | taking damage. [demonic ancestry]
  4288 | D:5      | Reached XP level 8. HP: 27/55 MP: 7/9
  4714 | D:5      | Reached ** piety under Hepliaklqana
  4715 | D:5      | Remembered your ancestor Artakama as a battlemage
  4971 | D:5      | Reached skill level 5 in Armour
  5002 | D:5      | Reached skill level 5 in Shields
  5059 | D:5      | Found Roedwash's Assorted Antiques.
  5067 | D:5      | Bought a scroll labelled HOSANK FEASAC for 17 gold pieces
  5067 | D:5      | Bought a scroll labelled ZODWUSUDUOPP for 17 gold pieces
  5067 | D:5      | Bought a shiny chain mail for 127 gold pieces
  5067 | D:5      | Bought a blue potion for 15 gold pieces
  5067 | D:5      | Bought a scroll labelled GUBRIS LAIPOA for 17 gold pieces
  5183 | D:5      | Noticed Blork the orc
  5189 | D:5      | Killed Blork the orc
  5660 | D:6      | Reached XP level 9. HP: 62/62 MP: 10/12
  5736 | D:6      | Noticed a two-headed ogre
  5748 | D:6      | Reached skill level 5 in Polearms
  5757 | D:6      | Killed a two-headed ogre
  5758 | D:6      | Reached skill level 5 in Invocations
  5777 | D:6      | Reached skill level 5 in Dodging
  5859 | D:6      | HP: 3/63 [something/puff of flame (4)]
  5860 | D:6      | Slain by a gnoll

Illustrated notes

Levels and vault maps discovered:
D:1:      co_arrival_random_square_maze, layout_basic,
          ebering_dispersal_statue_hall, grunt_decor_arrowhead
D:2:      layout_basic, kennysheep_another_room
D:3:      layout_rooms, worldfamousw_hep_ancestral_shrine
D:4:      layout_gridville, minmay_temple_entry_fiery, serial_shops,
          nicolae_shop_stone, cheibrodos_sewer_entry_bend
D:5:      layout_gridville, serial_shops, shop_fountains,
          guppyfry_early_orc_mine, uniq_blork_the_orc
D:6:      lemuel_castle_with_subvaults [lemuel_castle_interior_original],
          layout_gridville

Skill      XL: |  1  2  3  4  5  6  7  8  9 |
---------------+----------------------------+-----
Polearms       | 2 3 4 5 |  5.6
Armour         | 3 4 5 6 |  6.1
Shields        | 3 4 5 6 |  6.0
Dodging        | 1 2 3 4 5 |  5.1
Fighting       | 4 5 6 |  6.6
Invocations    | 1 4 5 |  5.6

Action                     |  1- 3 |  4- 6 |  7- 9 || total
---------------------------+-------+-------+-------++-------
  Melee: Trident           |   112 |   192 |   305 ||   609
         Kick              |       |    16 |    75 ||    91
 Invoke: Ancestor Life: Ba |       |       |     1 ||     1
         Recall Ancestor   |       |       |     1 ||     1
  Evoke: Wand              |       |       |     1 ||     1
    Use: Potion            |       |     1 |       ||     1
         Scroll            |       |       |     1 ||     1
   Stab: Sleeping          |       |       |     2 ||     2
         Distracted        |       |       |     2 ||     2
 Armour: Scale mail        |    61 |    15 |       ||    76
         Ring mail         |       |    65 |    74 ||   139
         Chain mail        |       |       |    32 ||    32
  Dodge: Dodged            |    51 |    48 |    97 ||   196
  Block: Buckler           |    36 |    65 |    97 ||   198

Table legend: (Time is in decaauts)
 A = Elapsed time spent in this place.
 B = Non-inter-level travel time spent in this place.
 C = Inter-level travel time spent in this place.
 D = Time resting spent in this place.
 E = Time spent auto-exploring this place.
 F = Levels seen in this place.
 G = Mean time per level.
                   A        B        C        D        E       F      G
               +--------+--------+--------+--------+--------+-----+--------+
         Total |   6126 |   5994 |    132 |    163 |   4356 |   7 |  875.1 |
       Dungeon |   4975 |   4843 |    132 |    163 |   3556 |   6 |  829.2 |
         Sewer |   1150 |   1150 |      0 |      0 |    800 |   1 | 1150.0 |
               +--------+--------+--------+--------+--------+-----+--------+

Top non-repeatable levels by time:
   Sewer: 1150 daAuts
     D:2: 1115 daAuts
     D:4: 973 daAuts
     D:5: 969 daAuts
     D:1: 753 daAuts
     D:6: 639 daAuts
     D:3: 524 daAuts
